AoeStats
← Clueless Clown

Oasis

508117243Analyzed
3v3 RM · 11d ago on Sep 21, 2026· 57m 53s· 6 players
Game mode
Random Map
Map size
Normal (6 player)
Population
200
Speed
Normal
Resources
Standard
Victory
Conquest
Starting age
Dark Age
Ending age
Imperial Age
RankedLock teamsTeams togetherTeam positionsShared explorationLock speedFull tech treeHidden civsTurbo modeCheats
Victory
Defeat
🇺🇸 Jurchens · United States
1057
+13
🇲🇽 Poles · Mexico
1016
+14
🇺🇸 Aztecs · United States
995
+15
🇺🇸 Maya · United States
1086
-18
🇨🇳 Goths · China
932
-25
🇵🇪 Persians · Peru
920
-12
Clueless Clown
7:26 Loom
10:20 Feudal Age
14:05 Castle Age
12:38 Scale Mail Armor
14:45 Squires
18:36 Arson
23:31 Gambesons
24:46 Chain Mail Armor
25:14 Double-Bit Axe
28:24 Forging
31:21 Wheelbarrow
31:06 Bloodlines
32:33 Iron Casting
31:56 Fletching
32:39 Bow Saw
33:15 Hand Cart
34:44 Bodkin Arrow
38:16 Imperial Age
36:00 Scale Barding Armor
36:30 Fortified Bastions
36:46 Bloodlines
36:37 Husbandry
38:15 Chain Barding Armor
38:05 Gold Mining
38:40 Elite Steppe Lancer
40:26 Gold Shaft Mining
41:42 Plate Barding Armor
42:34 Conscription
43:17 Town Watch
46:25 Blast Furnace
47:36 Bracer
48:27 Siege Engineers
49:24 Chemistry
51:26 Two-Man Saw
51:44 Caravan
51:56 Guilds
Master Blaster
0:27 Loom
10:56 Feudal Age
11:25 Double-Bit Axe
11:42 Horse Collar
15:18 Gold Mining
15:22 Stone Mining
20:51 Castle Age
19:25 Scale Mail Armor
19:36 Forging
19:32 Scale Barding Armor
19:40 Bloodlines
20:11 Man-at-Arms
21:02 Fletching
21:14 Long Swordsman
23:03 Stone Shaft Mining
22:11 Light Cavalry
23:13 Heavy Plow
24:43 Squires
24:28 Arson
25:59 Wheelbarrow
26:05 Bow Saw
26:02 Town Watch
26:29 Husbandry
27:23 Wheelbarrow
26:42 Town Watch
28:49 Fervor
29:00 Sanctity
28:59 Caravan
32:37 Imperial Age
30:57 Hand Cart
30:49 Pikeman
31:41 Murder Holes
31:56 Masonry
32:05 Town Patrol
32:39 Chain Mail Armor
34:18 Crop Rotation
33:14 Two-Handed Swordsman
34:27 Plate Mail Armor
34:32 Iron Casting
34:18 Chain Barding Armor
33:54 Bodkin Arrow
34:45 Block Printing
34:39 Champion
35:47 Devotion
36:49 Chemistry
36:10 Ballistics
36:05 Winged Hussar
37:05 Cavalier
40:24 Blast Furnace
39:25 Bracer
41:55 Thumb Ring
41:11 Crossbowman
41:11 Elite Skirmisher
41:12 Heavy Cavalry Archer
42:31 Padded Archer Armor
42:30 Guard Tower
42:46 Siege Engineers
43:18 Lechitic Legacy
43:18 Conscription
43:43 Elite Obuch
52:06 Hoardings
57:39 Szlachta Privileges
actions speak loudr than wololoo
11:01 Feudal Age
15:58 Stone Mining
19:52 Castle Age
19:38 Padded Archer Armor
20:11 Fletching
23:27 Horse Collar
24:08 Double-Bit Axe
27:56 Scale Mail Armor
27:27 Crossbowman
28:37 Bodkin Arrow
30:08 Forging
30:14 Chain Mail Armor
34:37 Iron Casting
39:07 Imperial Age
37:29 Leather Archer Armor
39:31 Gold Mining
39:58 Heavy Plow
40:26 Sanctity
42:13 Bow Saw
41:32 Arbalester
42:49 Block Printing
44:50 Blast Furnace
44:20 Plate Mail Armor
45:38 Garland Wars
46:10 Ballistics
47:20 Bracer
47:09 Pikeman
47:50 Squires
48:46 Arson
52:24 Redemption
53:24 Eagle Warrior
56:29 Wheelbarrow
56:32 Elite Eagle Warrior
oogaboogawherdayat
0:30 Loom
11:47 Feudal Age
13:05 Town Watch
13:32 Double-Bit Axe
14:17 Horse Collar
19:47 Castle Age
18:38 Fletching
18:59 Stone Mining
26:01 Bow Saw
26:56 Wheelbarrow
31:06 Hand Cart
35:11 Imperial Age
33:37 Bodkin Arrow
34:36 Masonry
37:45 Conscription
38:01 Hoardings
37:51 Bracer
38:13 Ballistics
39:08 Caravan
39:32 Thumb Ring
40:03 Gold Mining
40:29 Padded Archer Armor
41:09 Fortified Wall
42:25 Chemistry
42:14 Leather Archer Armor
41:43 Treadmill Crane
43:34 Two-Man Saw
43:19 Elite Plumed Archer
44:31 Town Patrol
45:46 Ring Archer Armor
48:52 Pikeman
49:33 Squires
49:36 Scale Mail Armor
49:46 Forging
50:13 Holcans
49:06 Man-at-Arms
49:09 Eagle Warrior
50:18 Halberdier
51:41 Chain Mail Armor
54:49 Architecture
56:57 Plate Mail Armor
2208939580
11:49 Feudal Age
14:58 Man-at-Arms
22:31 Castle Age
20:23 Double-Bit Axe
22:00 Gold Mining
22:34 Stone Mining
30:50 Imperial Age
28:59 Wheelbarrow
29:00 Loom
35:04 Anarchy
35:30 Conscription
40:04 Hand Cart
42:17 Scale Mail Armor
43:43 Chain Mail Armor
43:15 Horse Collar
43:49 Bow Saw
44:13 Elite Huskarl
jhadir
12:14 Feudal Age
17:34 Castle Age
16:02 Double-Bit Axe
16:14 Horse Collar
27:04 Forging
27:00 Scale Barding Armor
26:59 Gold Mining
27:00 Stone Mining
28:55 Wheelbarrow
30:50 Bow Saw
32:46 Hand Cart
35:29 Imperial Age
33:47 Iron Casting
33:33 Chain Barding Armor
34:03 Gold Shaft Mining
33:47 Heavy Plow
35:28 Cavalier
36:09 Husbandry
36:19 Bloodlines
37:13 Blast Furnace
36:49 Plate Barding Armor
38:07 Two-Man Saw
37:37 Savar
43:02 Conscription
43:04 Caravan
45:32 Chemistry
54:18 Light Cavalry
56:24 Hussar
Connection lost

Rejoining the realm…

Still unreachable

The connection could not be restored.

Session expired

The server has moved on; the page needs a fresh start.